 Dungeon Crawl Stone Soup version 0.18-a0-721-g8fc53f4 (webtiles) character file.

373 BadIdea the Conjurer (level 7, -5/46 HPs)
             Began as a Human Conjurer on Dec 9, 2015.
             Killed by divine providence
             ... invoked by an orc priest
              (12 damage)
             ... on level 4 of the Dungeon.
             The game lasted 00:21:36 (5352 turns).

BadIdea the Conjurer (Human Conjurer)               Turns: 5352, Time: 00:21:36

Health: -5/46      AC:  3    Str:  8    XL:     7   Next: 3%
Magic:  2/13       EV: 12    Int: 18    God:
Gold:   226        SH:  0    Dex: 13    Spells: 4 memorised, 4 levels left

rFire  . . .     SeeInvis .     a - +2 short sword (venom)
rCold  . . .     Clarity  .     f - +1 robe
rNeg   . . .     SustAt   .     (no shield)
rPois  .         Gourm    .     (no helmet)
rElec  .         Spirit   .     (no cloak)
rCorr  .         Dismiss  .     (no gloves)
rMut   .         Stasis   .     (no boots)
MR     .....                    (no amulet)
Stlth  ++........               (no ring)
                                n - ring of flight

@: not resistant to hostile enchantments, unstealthy
A: no striking features
a: Evoke Flight


You were on level 4 of the Dungeon.
You were not hungry.

You visited 1 branch of the dungeon, and saw 4 of its levels.

You collected 226 gold pieces.

Inventory:

Hand Weapons
 a - a +2 short sword of venom (weapon)
 d - a +0 dagger
Missiles
 e - 106 stones (quivered)
Armour
 f - a +1 robe (worn)
Magical Staves
 s - an uncursed staff of poison
Jewellery
 n - a ring of flight (left hand)
 p - an uncursed ring of fire
Wands
 l - a wand of random effects (16)
Scrolls
 g - 2 scrolls of enchant weapon
 h - a scroll of enchant armour
 i - 2 scrolls of identify
 q - a scroll of amnesia
Potions
 m - a potion of invisibility
 o - a potion of resistance
 r - a potion of poison
 t - a potion of heal wounds {unknown}
Books
 b - a book of Conjurations

   Spells                             Type                      Level
   a - Magic Dart                     Conjuration                  1
   b - Searing Ray                    Conjuration                  2
   c - Dazzling Spray                 Conjuration/Hexes            3
   d - Fulminant Prism                Conjuration/Hexes            4
   e - Iskenderun's Mystic Blast      Conjuration                  4
   f - Iskenderun's Battlesphere      Conjuration/Charms           5
Comestibles
 c - 4 bread rations
 j - 2 meat rations
 k - a beef jerky
 u - a slice of pizza
 v - 4 chunks of flesh


   Skills:
 - Level 2.0 Dodging
 - Level 2.0 Stealth
 + Level 4.0 Spellcasting
 * Level 6.7 Conjurations


You had 4 spell levels left.
You knew the following spells:

 Your Spells              Type           Power        Failure   Level  Hunger
a - Magic Dart            Conj           ####         1%          1    None
b - Searing Ray           Conj           ####..       1%          2    ##.....
c - Iskenderun's Mystic   Conj           ####....     12%         4    ####...
d - Dazzling Spray        Conj/Hex       ###.....     14%         3    ###....


Dungeon Overview and Level Annotations

Branches:
Dungeon (4/15)
 Temple: D:4-7

Altars:
Trog

Annotations:
D:4 exclusion: player ghost, P0WERM0DE's ghost, amateur DsVM


Message History

The orc priest hits you with a mace.
You hit the orc priest.
The orc priest is poisoned.
The orc priest is almost dead.
You kill the orc priest!
You have reached level 7!
An orc and a skeleton come into view.
Read which item? (? for menu, Esc to quit)
Okay, then.
Drink which item? (? for menu, Esc to quit)
Okay, then.
An orc comes into view. It is wielding a club.
The orc priest invokes the aid of Beogh against you.
Something smites you!
You hear a shout!
The orc priest mumbles some strange prayers to Beogh against you.
Pain shoots through your body!
* * * LOW HITPOINT WARNING * * *
The orc priest invokes the aid of Beogh against you.
Something smites you!
You die...

P...# ....# ....#
♣P..# ♣...# ♣...#
### ....# ..
....#.# ##########
.. .P..#.#
#.@....o.# .###
♣...#.# #(######o#
..o ♣...#.# #.#
#.####.# ♣P..#.#
#.# #.o.ooZ##
PP..#.# #.#
#.###...##
....#.#########.##
#.)......%..
PP...............#
#.###...####
♣P..#.#########..#
#.# ##.##
♣...#.#########..#
#.# .#


You could see an orc priest and an orc.

Vanquished Creatures
  2 orc wizards
  An orc priest (D:4)
  Natasha (D:4)
  A hound skeleton (D:4)
  5 adders
  8 gnolls
  An ooze (D:3)
  7 worms
  5 giant geckos
  7 orcs
  7 bats
  3 giant cockroaches
  11 hobgoblins
  14 kobolds
  5 giant newts
  7 goblins
  3 jackals (D:4)
  2 quokkas (D:3)
  9 rats
99 creatures vanquished.

Notes
Turn   | Place    | Note
--------------------------------------------------------------
     0 | D:1      | BadIdea the Human Conjurer began the quest for the Orb.
     0 | D:1      | Reached XP level 1. HP: 13/13 MP: 3/3
   195 | D:1      | Reached XP level 2. HP: 19/19 MP: 0/5
   251 | D:1      | Learned a level 2 spell: Searing Ray
  1045 | D:1      | Reached XP level 3. HP: 24/24 MP: 3/6
  1050 | D:1      | Learned a level 3 spell: Dazzling Spray
  1943 | D:2      | Reached XP level 4. HP: 17/30 MP: 3/8
  2220 | D:2      | Reached skill level 5 in Conjurations
  2801 | D:3      | Reached XP level 5. HP: 35/35 MP: 2/9
  3002 | D:3      | Learned a level 4 spell: Iskenderun's Mystic Blast
  3329 | D:3      | Found a bloodstained altar of Trog.
  4005 | D:3      | Reached skill level 6 in Conjurations
  4005 | D:3      | Reached XP level 6. HP: 41/41 MP: 5/11
  4943 | D:4      | Noticed P0WERM0DE's ghost (amateur DsVM)
  5201 | D:4      | Noticed Natasha
  5217 | D:4      | Killed Natasha
  5342 | D:4      | Reached XP level 7. HP: 30/46 MP: 0/13
  5352 | D:4      | Killed from afar by an orc priest

Vault maps used:
D:1:      lightli_arrival_statue_moat
D:3:      nicolae_overflow_hidden_temple, gup_sewer_entry_spiral,
          corner_web_ring, minmay_misc_feat_hallway
D:4:      corexii_shantytown, grunt_dithmenos_smoke, first_bread,
          kennysheep_boxes, uniq_natasha

Action                   |  1- 3 |  4- 6 |  7- 9 || total
-------------------------+-------+-------+-------++-------
Melee: Short sword       |     9 |    35 |       ||    44
 Cast: Magic Dart        |    59 |    61 |       ||   120
       Searing Ray       |     5 |    22 |       ||    27
       Dazzling Spray    |       |     1 |       ||     1
       Iskenderun's Myst |       |     3 |       ||     3
  Use: Scroll            |       |    10 |       ||    10
 Stab: Sleeping          |       |     2 |       ||     2
  Eat: Chunk             |     4 |    12 |       ||    16
